 Dungeon Crawl Stone Soup version 0.30-a0-1114-gd936c97349 (webtiles) character file.

Game seed: 17725496190867087347

14065 cforsyth the Fighter (level 11, -1/97 HPs)
             Began as a Demigod Fighter on Apr 20, 2023.
             Slain by a slime creature (5 damage)
             ... on level 13 of the Dungeon.
             The game lasted 00:17:50 (14786 turns).

cforsyth the Fighter (Demigod Fighter)             Turns: 14786, Time: 00:17:51

Health: -1/97      AC: 24    Str: 32    XL:     11   Next: 54%
Magic:  14/14      EV:  9    Int: 10    God:
Gold:   388        SH:  6    Dex: 13    Spells: 10/10 levels left

rFire   + . .      SeeInvis .    H - +2 flail (protect)
rCold   . . .      Faith    .    c - +0 buckler
rNeg    . . .      Spirit   .    K - +1 chain mail of Gozag's Whim {Str+3}
rPois   .          Reflect  .    (no helmet)
rElec   .          Rampage  +    A - +0 cloak
rCorr   .                        (no gloves)
Will    +....                    a - +2 pair of boots {rampage} Stlth
                                 (no amulet)
HPRegen 0.00/turn                t - ring of protection from fire
MPRegen 0.14/turn                w - +4 ring of slaying

@: under a protective aura, inhibited regen
A: high MP 1, forlorn, divine attributes, inhibited regeneration
a: no special abilities


You were on level 13 of the Dungeon.
You visited 1 branch of the dungeon, and saw 13 of its levels.

You collected 667 gold pieces.
You spent 279 gold pieces at shops.

Inventory:

Hand Weapons
 H - a +2 flail of protection (weapon)
Missiles
 g - 3 throwing nets (quivered)
Armour
 a - a +2 pair of boots of rampaging (worn)
 c - a +0 buckler (worn)
 A - a +0 cloak (worn)
 K - the +1 chain mail of Gozag's Whim (worn) {Str+3}
   (You took it off an orc on level 6 of the Dungeon)

   Str:       It affects your strength (+3).
Jewellery
 k - an amulet of regeneration
 t - a ring of protection from fire (left hand)
 w - a +4 ring of slaying (right hand)
 D - the ring of Wiyps {Wiz rElec rC++ Dex-5}
   (You found it on level 5 of the Dungeon)

   [ring of wizardry]

   It improves your spell success rate.
   Dex:       It affects your dexterity (-5).
   rC:        It greatly protects you from cold.
   rElec:     It insulates you from electricity.
 M - a ring of flight
 S - a +4 ring of protection
 V - an amulet of magic regeneration
Wands
 b - a wand of mindburst (12)
 p - a wand of polymorph (9)
 q - a wand of iceblast (18)
 L - a wand of charming (8)
 N - a wand of flame (36)
 P - a wand of quicksilver (5)
Scrolls
 h - 7 scrolls of teleportation
 i - a scroll of acquirement {unknown}
 n - 2 scrolls of fear {unknown}
 o - a scroll of silence {unknown}
 r - a scroll of summoning {unknown}
 s - a scroll of immolation {unknown}
 v - 2 scrolls of enchant armour {unknown}
 x - 2 scrolls of fog {unknown}
 y - 2 scrolls of amnesia {unknown}
 E - 3 scrolls of poison {unknown}
 I - 2 scrolls of blinking {unknown}
 J - a scroll of enchant weapon {unknown}
 Q - 2 scrolls of vulnerability {unknown}
 R - 2 scrolls of torment {unknown}
Potions
 d - 2 potions of might
 e - 3 potions of attraction
 f - 3 potions of invisibility
 l - 3 potions of curing
 m - a potion of heal wounds
 u - 2 potions of mutation
 z - a potion of brilliance
 B - 2 potions of ambrosia
 C - 2 potions of haste
 F - a potion of lignification
 G - 2 potions of cancellation {unknown}
 O - 2 potions of flight {unknown}
 T - a potion of resistance
 U - a potion of degeneration {unknown}


   Skills:
 + Level 9.4 Fighting
 + Level 9.1 Maces & Flails
 + Level 9.4 Armour
 + Level 9.4 Shields


You had 10 spell levels left.
You didn't know any spells.
Your spell library contained the following spells:

 Spells                   Type           Power      Damage    Failure   Level
 Beastly Appendage        Tmut           0%         N/A       82%         1
 Kiss of Death            Conj/Necr      0%         2d5       82%         1
 Sublimation of Blood     Necr           0%         N/A       91%         2
 Wereblood                Tmut           0%         N/A       91%         2
 Confusing Touch          Hex            0%         N/A       99%         3
 Spider Form              Tmut/Pois      0%         N/A       99%         3
 Tukima's Dance           Hex            0%         N/A       99%         3
 Volatile Blastmotes      Fire/Tloc      0%         2d10      99%         3
 Dispel Undead            Necr           0%         3d6       100%        4
 Fulminant Prism          Conj/Hex       0%         3d5       100%        4
 Iskenderun's Mystic Bla  Conj/Tloc      0%         2d3       100%        4
 Passage of Golubria      Tloc           0%         N/A       100%        4
 Lee's Rapid Deconstruct  Erth           0%         3d4*      100%        5
 Yara's Violent Unravell  Hex/Tmut       0%         3d3       100%        5
 Summon Hydra             Summ           0%         N/A       100%        7


Dungeon Overview and Level Annotations

Branches:
Dungeon (14/15)            Temple (0/1) D:6
   Lair: D:8-11         Orc: D:9-12      Vaults: D:13-14

Shops:
D:6 [

Annotations:
D:2 1 runed translucent door, Crazy Yiuf
D:3 2 transporters


Innate Abilities, Weirdness & Mutations

You have an increased reservoir of magic. (+10% MP)
You shall have no god before yourself.
Your divine heritage dramatically boosts your attributes as you level up.
You do not regenerate when monsters are visible.


Message History

You kill the slime creature!
The slime creature hits you but does no damage. x2
You thump the slime creature!
The slime creature is lightly wounded.
The slime creature misses you.
The slime creature hits you but does no damage.
You sock the slime creature!
The slime creature is moderately wounded.
The slime creature misses you. The slime creature hits you!
You bludgeon the slime creature!!
The slime creature is severely wounded.
The slime creature hits you.
* * * LOW HITPOINT WARNING * * *
The slime creature closely misses you.
You hit the slime creature.
The slime creature is severely wounded.
The slime creature hits you but does no damage.
The slime creature barely misses you.
You sock the slime creature!
The slime creature is severely wounded.
You sock the slime creature!
The slime creature is almost dead.
The slime creature hits you!
* * * LOW HITPOINT WARNING * * *
The slime creature hits you but does no damage.
You bludgeon the slime creature!!
You kill the slime creature!
The slime creature hits you but does no damage.
You thump the slime creature!
The slime creature is moderately wounded.
The slime creature hits you.
* * * LOW HITPOINT WARNING * * *
You hit the slime creature.
The slime creature is moderately wounded.
The slime creature hits you!
* * * LOW HITPOINT WARNING * * *
You barely miss the slime creature.
The slime creature is moderately wounded.
The slime creature hits you.
You die...

..#......# *,#*,.,*,,,,
..#......# *.##..,*,,,,
###......#*###########.....,*****
,,,,,,,....................,,,,,,
,,,,,,,....................,,,,,,
,,,,,,,.......#..........>.,,,,,,
,,,****#......#............,,,,,,
,,,* #......#.J........./,,,,,,
,,,****#......#.@.......(..,,,***
,,,,,,,....................,,,***
,,,,,,,....................,,,,<,
,,,,,,,....................,,,,,,
*******####################******


You could see a slime creature.

Vanquished Creatures
  Harold (D:8)
  A two-headed ogre (D:14)
  2 tengu warriors
  3 ugly things (D:14)
  A cyclops (D:14)
  Joseph (D:7)
  A gargoyle (D:10)
  Maggie (D:7)
  A yaktaur (D:13)
  2 kobold demonologists (D:8)
  A freezing wraith (D:14)
  2 trolls
  A polar bear (D:14)
  A hornet (D:9)
  2 slime creatures (D:13)
  A centaur simulacrum (D:14)
  A vampire (D:9)
  7 yaks
  A wraith (D:10)
  2 wyverns
  4 vampire mosquitoes (D:11)
  2 steam dragons
  An acid dragon (D:10)
  2 water moccasins (D:7)
  A sky beast (D:8)
  2 black bears
  2 ice beasts
  2 orc warriors
  3 ogres
  A wolf (D:14)
  4 centaurs
  2 kobold brigands (D:8)
  7 bullfrogs
  A gnoll sergeant (D:9)
  7 scorpions
  13 wights
  4 howler monkeys
  A vampire bat (D:3)
  A jelly (D:6)
  4 hounds
  8 orc priests
  A sleepcap (D:6)
  Jessica (D:2)
  5 iguanas
  6 orc wizards
  3 gnolls (D:9)
  11 adders
  4 white imps
  6 worms
  3 dart slugs
  3 fire bats (D:3)
  27 orcs
  2 spectral bats (D:3)
  9 ball pythons
  15 bats
  3 bat skeletons (D:3)
  A bat zombie (D:3)
  5 endoplasms
  2 giant cockroaches (D:2)
  4 goblins
  8 hobgoblins
  2 jackals (D:5)
  17 kobolds
  A bat simulacrum (D:3)
  A frilled lizard (D:2)
  5 rats
250 creatures vanquished.

Vanquished Creatures (others)
  A kobold (D:8)
  2 plants (D:2)
3 creatures vanquished.

Grand Total: 253 creatures vanquished

Notes
Turn   | Place    | Note
-------+----------+-------------------------------------------
     0 | D:1      | cforsyth the Demigod Fighter began the quest for the Orb.
     0 | D:1      | Reached XP level 1. HP: 18/18 MP: 3/3
   129 | D:1      | Reached XP level 2. HP: 9/25 MP: 4/4
   807 | D:2      | Reached XP level 3. HP: 28/31 MP: 5/5
  1058 | D:2      | Noticed Jessica
  1072 | D:2      | Killed Jessica
  1174 | D:2      | Reached XP level 4. HP: 38/38 MP: 6/6
  1403 | D:2      | Found a runed translucent door.
  1404 | D:2      | Noticed Crazy Yiuf
  2270 | D:3      | Found a transporter.
  2471 | D:3      | Reached XP level 5. HP: 42/43 MP: 7/7
  2585 | D:3      | Found a transporter.
  2897 | D:3      | Reached XP level 6. HP: 48/52 MP: 8/8
  4379 | D:5      | Entered Level 5 of the Dungeon
  4564 | D:5      | Reached XP level 7. HP: 26/60 MP: 9/9
  5931 | D:5      | Identified the ring of Wiyps {Wiz rElec rC++ Dex-5}
  6288 | D:6      | Noticed a steam dragon
  6415 | D:6      | Found a staircase to the Ecumenical Temple.
  6436 | D:6      | Reached skill level 5 in Fighting
  6436 | D:6      | Reached skill level 5 in Armour
  6436 | D:6      | Reached skill level 5 in Shields
  6646 | D:6      | Reached XP level 8. HP: 66/68 MP: 10/10
  6706 | D:6      | Found Weich's Armour Emporium.
  6769 | D:6      | Reached skill level 5 in Maces & Flails
  7560 | D:6      | Identified the +1 chain mail of Gozag's Whim {Str+3}
  8150 | D:7      | Noticed Joseph
  8981 | D:6      | Bought a +2 pair of boots of rampaging for 279 gold pieces
  9020 | D:6      | Reached XP level 9. HP: 73/75 MP: 11/11
  9224 | D:7      | Killed Joseph
  9720 | D:7      | Noticed Maggie
  9741 | D:7      | Killed Maggie
 10403 | D:8      | Noticed a kobold demonologist
 10412 | D:8      | Noticed an orange demon
 10412 | D:8      | Killed a kobold demonologist
 10413 | D:8      | Reached XP level 10. HP: 86/86 MP: 13/13
 10438 | D:8      | Noticed a rust devil
 10454 | D:8      | Gained mutation: You do not regenerate when monsters are
                  | visible. [a neqoxec]
 11260 | D:9      | Noticed Harold
 11683 | D:8      | Killed Harold
 12345 | D:10     | Entered Level 10 of the Dungeon
 13524 | D:11     | Reached XP level 11. HP: 52/95 MP: 14/14
 13769 | D:11     | You fall into a shaft and drop 3 floors!
 13811 | D:14     | Noticed a two-headed ogre
 13823 | D:14     | Killed a two-headed ogre
 14030 | D:14     | HP: 4/95 [cyan ugly thing (17)]
 14052 | D:14     | HP: 4/97 [green ugly thing (9)]
 14603 | D:14     | Noticed a tengu warrior
 14620 | D:14     | Killed a tengu warrior
 14704 | D:13     | Noticed a tengu warrior
 14713 | D:13     | Killed a tengu warrior
 14723 | D:13     | Noticed a centaur warrior
 14724 | D:13     | Noticed a deep elf archer
 14785 | D:13     | HP: 4/97 [slime creature (8)]
 14786 | D:13     | Slain by a slime creature

Illustrated notes

Levels and vault maps discovered:
D:1:      dpeg_arrival_lava_altar, layout_basic, minmay_surrounded
D:2:      layout_basic, basic_altar, chequers_ecumenical_altar_lobes, hex_tiny,
          chequers_arboretum, serial_bayou_crossing, uniq_jessica,
          uniq_crazy_yiuf_cottage
D:3:      gammafunk_wand_slinger, layout_basic, mainiacjoe_overflow_paths,
          mainiacjoe_overflow_large_starburst, goddamned_bats
D:4:      layout_basic, bloody_trog, mainiacjoe_overflow_small_starburst
D:5:      layout_rooms
D:6:      minmay_octagon_keep, layout_basic, kennysheep_slug_shrine,
          minmay_temple_entry_ruins, serial_shops, nicolae_shop_statue_plus,
          dreamdust_princess_corridor
D:7:      layout_cave_pods, uniq_maggie, uniq_joseph
D:8:      layout_basic
D:9:      layout_long_grid, uniq_harold
D:10:     layout_irregular_city, lemuel_round_altar
D:11:     minmay_the_grid_triangle_9x9_recursive_2_mashed
          [minmay_the_grid_triangle_9x9_prize_top_heavy,
          minmay_the_grid_triangle_9x9_sparse_checkered,
          minmay_the_grid_triangle_9x9_fully_insulated_deathbox,
          minmay_the_grid_triangle_9x9_descending_squares], layout_long_grid,
          david_lair_shrubbed, serial_undead, serial_undead_a, serial_undead_b,
          serial_undead_b, serial_undead_c, serial_undead_f, serial_undead_d
D:13:     kennysheep_blocky_room, layout_stronghold,
          hangedman_vaults_entry_quadrant_bands,
          portal_ice_cave_entry_ice_simulacra, uniq_rupert
D:14:     layout_loops_corners, nrook_mini_vaults, serial_ice, serial_ice_o,
          serial_ice_e, serial_ice_b, serial_ice_g, chequers_avenue,
          hangedman_weighted_door

Skill      XL: |  1  2  3  4  5  6  7  8  9 10 11 |
---------------+----------------------------------+-----
Maces & Flails | 2 3 4 5 7 8 9 |  9.1
Shields        | 3 4 5 6 7 8 9 |  9.4
Fighting       | 3 4 5 6 7 8 9 |  9.4
Armour         | 3 4 5 6 7 8 9 |  9.4

Action                     |  1- 3 |  4- 6 |  7- 9 | 10-12 || total
---------------------------+-------+-------+-------+-------++-------
  Melee: Flail             |   107 |   270 |   354 |   327 ||  1058
  Evoke: Wand              |       |       |       |     5 ||     5
    Use: Potion            |       |     2 |       |     3 ||     5
         Scroll            |       |       |       |    14 ||    14
   Stab: Invisible         |       |     3 |       |       ||     3
 Armour: Scale mail        |    56 |    21 |       |       ||    77
         Chain mail        |       |   229 |   242 |   231 ||   702
  Dodge: Dodged            |    63 |   148 |   195 |   139 ||   545
  Block: Buckler           |    29 |    95 |    96 |   104 ||   324

Table legend: (Time is in decaauts)
 A = Elapsed time spent in this place.
 B = Non-inter-level travel time spent in this place.
 C = Inter-level travel time spent in this place.
 D = Time resting spent in this place.
 E = Time spent auto-exploring this place.
 F = Levels seen in this place.
 G = Mean time per level.
                   A        B        C        D        E       F      G
               +--------+--------+--------+--------+--------+-----+--------+
         Total |  14988 |  14509 |    479 |   2508 |   9367 |  13 | 1152.9 |
       Dungeon |  14988 |  14509 |    479 |   2508 |   9367 |  13 | 1152.9 |
               +--------+--------+--------+--------+--------+-----+--------+

Top non-repeatable levels by time:
     D:6: 2649 daAuts
     D:4: 1997 daAuts
     D:8: 1436 daAuts
     D:2: 1331 daAuts
     D:3: 1250 daAuts
     D:7: 1133 daAuts
     D:5: 1085 daAuts
    D:10: 1034 daAuts
     D:9: 979 daAuts
    D:14: 934 daAuts
     D:1: 783 daAuts
    D:11: 291 daAuts
    D:13: 80 daAuts
